 Dungeon Crawl Stone Soup version 0.27.1 (webtiles) character file.

Game seed: 13342564218378093518

21 sanka the Chopper (level 2, -3/25 HPs)
             Began as a Palentonga Abyssal Knight on Aug 21, 2021.
             Was a Follower of Lugonu.
             Slain by a gnoll (4 damage)
             ... on level 1 of the Dungeon.
             The game lasted 00:02:28 (1415 turns).

sanka the Chopper (Palentonga Abyssal Knight)       Turns: 1415, Time: 00:02:28

Health: -3/25      AC:  4    Str: 15    XL:     2   Next: 65%
Magic:  3/3        EV:  8    Int: 12    God:    Lugonu [*.....]
Gold:   80         SH:  2    Dex:  9    Spells: 1/1 levels left

rFire    . . .     SeeInvis +   a - +1 hand axe
rCold    . . .     Faith    .   f - +0 buckler
rNeg     . . .     Spirit   .   b - +0 leather armour
rPois    +         Reflect  .   (no helmet)
rElec    .         Harm     .   (no cloak)
rCorr    .         Rampage  .   (no gloves)
Will     .....                  (no barding)
Stlth    +.........             (no amulet)
HPRegen  0.08/turn              (no ring)
MPRegen  0.08/turn              d - ring of poison resistance

@: no status effects
A: large, rugged brown scales 3, see invisible, deformed body, roll 1, armoured
tail
a: Rolling Charge, Renounce Religion, Depart the Abyss


You were on level 1 of the Dungeon.
You worshipped Lugonu.
Lugonu was aware of your devotion.
You visited 1 branch of the dungeon, and saw 2 of its levels.
You visited the Abyss 1 time.

You collected 80 gold pieces.


Innate Abilities, Weirdness & Mutations

You are completely covered in rugged brown scales. (AC +3, +7% HP)
You have supernaturally acute eyesight. (SInv)
Armour fits poorly on your strangely shaped body.
You can roll at nearby foes to attack.
You have a long armoured tail.


   Skills:
 - Level 3.0 Fighting
 + Level 3.3 Axes
 - Level 1.5 Armour
 - Level 0.7 Dodging
 - Level 2.0 Invocations


You had one spell level left.
You didn't know any spells.
Your spell library contained the following spells:

 Spells                   Type           Power      Damage    Failure   Level
 Slow                     Hex            0%         N/A       71%         2
 Confusing Touch          Hex            0%         N/A       90%         3
 Vampiric Draining        Necr           0%         2d6       90%         3

Inventory:

Hand Weapons
 a - a +1 hand axe (weapon)
Missiles
 e - 19 poisoned darts
Armour
 b - a +0 leather armour (worn)
 f - a +0 buckler (worn)
Jewellery
 d - a ring of poison resistance (right hand)
Scrolls
 g - a scroll of identify {unknown}
 h - a scroll of enchant weapon {unknown}
Potions
 c - 3 potions of curing {unknown}

Dungeon Overview and Level Annotations

Branches:
Dungeon (2/15)

Altars:

▒..........▒ ▒.▒ ▒.....▒
▒..........▒ ▒.▒ ▒▒▒▒▒▒▒
▒..........▒ ▒.▒ ▒▒▒▒▒
▒▒▒.........▒▒ ▒.▒ ▒....
............▒ ▒.▒ ▒....
............▒ ▒.▒ ▒....
...▒▒.▒▒▒▒▒▒▒ ▒.▒ ▒....
...▒▒.▒▒▒▒▒▒▒▒▒▒S▒ ▒▒▒▒....
...▒▒..........gH▒ ▒.......
...▒▒▒▒▒▒▒.▒▒▒▒▒▒▒ ▒.▒▒....
...........▒ ▒.▒.....
...▒▒▒▒▒▒▒▒▒▒▒▒▒▒▒ ▒.▒.....
...▒ ▒<...▒ ▒.▒..▒.. ...▒
▒....▒ ▒.▒..▒.. ...▒ ▒▒▒
▒.88.▒ ▒▒▒▒ ▒.▒..▒.. ...▒
▒.♣♣♣♣▒....▒♣♣..▒▒▒▒.▒..▒..
▒▒▒▒
▒▒....▒▒''▒▒♣.▒...........▒


You could see a gnoll and an adder.


Message History

You closely miss the adder.
You tail-slap the adder, but do no damage.
You hit the gnoll but do no damage. You block the adder's attack.
The gnoll hits you with a +0 whip.
* * * LOW HITPOINT WARNING * * *
You closely miss the adder. You barely miss the gnoll.
The adder completely misses you. The gnoll hits you with a +0 whip!
* * * LOW HITPOINT WARNING * * *
The adder bites you but does no damage.
Unknown command.
You barely miss the adder. You tail-slap the adder.
The adder is moderately wounded.
You hit the gnoll but do no damage. The gnoll closely misses you.
The adder bites you but does no damage.
Unknown command.
You closely miss the adder.
The adder is moderately wounded.
You hit the gnoll but do no damage. The adder bites you.
* * * LOW HITPOINT WARNING * * *
The gnoll hits you with a +0 whip.
* * * LOW HITPOINT WARNING * * *
The adder barely misses you. The gnoll hits you with a +0 whip.
You die...

Action                   || total
-------------------------++-------
Melee: Hand axe          ||    47
       Tailslap          ||     5
Invok: Depart the Abyss  ||     1
 Abil: Rolling Charge    ||     1
Armor: Leather armour    ||    24
Dodge: Dodged            ||    23
Block: Buckler           ||     4

Levels and vault maps discovered:
D:1:      sevenhm_arrival_forest_fort_small_6, layout_basic, minmay_hexomino_c4
D:2:      layout_basic, hellmonk_ecumenical_altar_lost_god, basic_altar,
          kennysheep_flooded_box

Notes
Turn   | Place    | Note
-------+----------+-------------------------------------------
     0 | Abyss:1  | sanka the Palentonga Abyssal Knight began the quest for the
                  | Orb.
     0 | Abyss:1  | Reached XP level 1. HP: 19/19 MP: 2/2
    56 | Abyss:1  | Noticed a black bear
    96 | Abyss:1  | Noticed a spatial vortex
   105 | Abyss:1  | Noticed a cyan very ugly thing
   107 | D:1      | Escaped the Abyss
   325 | D:1      | Reached XP level 2. HP: 19/25 MP: 3/3
   325 | D:1      | Reached * piety under Lugonu
   806 | D:1      | Reached skill level 3 in Axes
  1042 | D:2      | Found a faded altar of an unknown god.
  1415 | D:1      | HP: 1/25 [gnoll (2)]
  1415 | D:1      | Slain by a gnoll

Vanquished Creatures
  A worm (D:2)
  An endoplasm (D:1)
  2 giant cockroaches
  3 hobgoblins
  A jackal (D:1)
  2 bats (D:1)
  A frilled lizard (D:1)
  3 goblins
  3 kobolds (D:1)
17 creatures vanquished.
